 Dungeon Crawl Stone Soup version 0.25.1-2-g60ff931df9 (webtiles) character file.

Game seed: 200449015346370028

296 Araneus the Sneak (level 6, -1/39 HPs)
             Began as an Octopode Assassin on Aug 25, 2020.
             Slain by a scorpion (10 damage)
             ... on level 3 of the Dungeon.
             The game lasted 00:09:36 (3120 turns).

Araneus the Sneak (Octopode Assassin)               Turns: 3120, Time: 00:09:36

Health: -1/39      AC:  1    Str: 11    XL:     6   Next: 35%
Magic:  6/6        EV: 13    Int: 13    God:
Gold:   119        SH:  0    Dex: 15    Spells: 5/5 levels left

rFire    . . .     SeeInvis .   s - +0 rapier
rCold    . . .     Gourm    .   (no shield)
rNeg     . . .     Faith    .   (helmet restricted)
rPois    +         Spirit   .   (no amulet)
rElec    .         Reflect  .   e - ring of poison resistance
rCorr    +         Harm     .   f - ring of flight
MR       .....                  g - ring of resist corrosion
Stlth    +++++.....             (no ring)
HPRegen  0.13/turn              (no ring)
MPRegen  0.10/turn              (no ring)
                                (no ring)
                                (no ring)

@: lethally poisoned (-1 -> -11)
A: almost no armour, stealthy swim, amphibious, 8 rings, constrict 8, camouflage
1, gelatinous body 1
a: Evoke Flight


You were on level 3 of the Dungeon.
You were not hungry.

You visited 1 branch of the dungeon, and saw 4 of its levels.

You collected 119 gold pieces.

Inventory:

Hand Weapons
 a - a +2 dagger
 s - a +0 rapier (weapon)
Missiles
 b - 27 poisoned darts (quivered)
 c - a curare-tipped dart
Armour
 m - a +0 kite shield
Jewellery
 e - a ring of poison resistance (left tentacle)
 f - a ring of flight (right tentacle)
 g - a ring of resist corrosion (on tentacle)
Wands
 o - a wand of polymorph (3)
 y - a wand of enslavement (11)
Scrolls
 h - a scroll of teleportation {unknown}
 n - 4 scrolls of enchant armour {unknown}
 p - a scroll of immolation {unknown}
 u - a scroll of blinking {unknown}
 v - a scroll of identify {unknown}
 w - a scroll of remove curse {unknown}
 x - a scroll of fog {unknown}
Potions
 i - 2 potions of curing {unknown}
 j - a potion of stabbing {unknown}
 k - a potion of invisibility {unknown}
 r - a potion of cancellation {unknown}
 t - 2 potions of brilliance {unknown}
Comestibles
 d - 4 rations
 q - 2 chunks of flesh


   Skills:
 - Level 2.0 Fighting
 * Level 5.5 Short Blades
 - Level 2.0 Throwing
 - Level 1.0 Dodging
 + Level 7.2 Stealth


You had 5 spell levels left.
You didn't know any spells.
Your spell library was empty.

Dungeon Overview and Level Annotations

Branches:
Dungeon (4/15)
 Temple: D:4-7

Altars:
Ashenzari


Innate Abilities, Weirdness & Mutations

You cannot wear most types of armour.
You are very stealthy in the water. (Stealth+)
You are amphibious.
You can wear up to eight rings at the same time.
You can use your tentacles to constrict eight enemies at once.
Your skin changes colour to match your surroundings (Stealth+).
Your rubbery body absorbs attacks. (AC +1, EV +1)


Message History

The scorpion closely misses you. The orc barely misses you. x2
You hit the scorpion but do no damage. You grab the scorpion.
You constrict the orc.
You kill the orc!
You constrict the orc.
You kill the orc!
You constrict the scorpion, but do no damage.
You feel sick. The scorpion stings you!
* * * LOW HITPOINT WARNING * * *
You hit the scorpion. You squeeze the scorpion.
The scorpion is heavily wounded.
You constrict the scorpion.
* * * LOW HITPOINT WARNING * * *
You feel sick. The scorpion closely misses you.
You hit the scorpion.
The scorpion is almost dead.
You constrict the scorpion, but do no damage.
* * * LOW HITPOINT WARNING * * *
You feel sick. The scorpion stings you!
You die...

####### ..#...##
.......########
...((.........#
..............#
...<..........#########
..............#s@)....# ###
..............#)......# ##.#
......#.......#.......#####..#
#.###....#.##.........#......#
#.# ####.(............#.#..###
#.# ##)..##.####.....#.## .(#
####.#.##.####.#.....# .##
##.....(##........#####
..###..##).(....#...###


You could see a scorpion.

Vanquished Creatures
  An ogre (D:3)
  A bullfrog skeleton (D:3)
  An orc priest (D:3)
  An orc wizard (D:3)
  5 adders
  2 worms
  4 dart slugs
  3 leopard geckos
  5 orcs (D:3)
  A ball python (D:3)
  6 bats
  5 giant cockroaches
  7 hobgoblins
  4 jackals (D:1)
  A quokka (D:3)
  5 goblins
  5 kobolds
  A leopard gecko zombie (D:3)
  9 rats
67 creatures vanquished.

Vanquished Creatures (others)
  A leopard gecko (D:3)
1 creature vanquished.

Grand Total: 68 creatures vanquished

Notes
Turn   | Place    | Note
-------+----------+-------------------------------------------
     0 | D:1      | Araneus the Octopode Assassin began the quest for the Orb.
     0 | D:1      | Reached XP level 1. HP: 14/14 MP: 1/1
   284 | D:1      | Reached XP level 2. HP: 19/19 MP: 2/2
  1117 | D:2      | Reached XP level 3. HP: 15/24 MP: 3/3
  1837 | D:2      | Reached XP level 4. HP: 29/29 MP: 4/4
  2489 | D:3      | Reached skill level 6 in Stealth
  2573 | D:3      | Reached XP level 5. HP: 32/34 MP: 5/5
  2620 | D:3      | Found a shattered altar of Ashenzari.
  2823 | D:3      | Reached skill level 5 in Short Blades
  2994 | D:3      | Noticed an ogre
  3002 | D:3      | Killed an ogre
  3002 | D:3      | Reached skill level 7 in Stealth
  3002 | D:3      | Reached XP level 6. HP: 39/39 MP: 6/6
  3120 | D:3      | Slain by a scorpion

Illustrated notes

Levels and vault maps discovered:
D:1:      sevenhm_arrival_forest_fort_large_2, layout_loops_cross,
          chequers_decorated_corner
D:2:      wad_pebble_path, layout_basic
D:3:      layout_rooms, ashenzari_conservatory_becter, first_ration
D:4:      layout_cave_pods, nicolae_qazlal_general_emergency, marbit_many_paths,
          minmay_temple_entry_junction, chequers_mini_garden, uniq_grinder,
          uniq_menkaure

Skill      XL: |  1  2  3  4  5 |
---------------+----------------+-----
Short Blades   | 3 4 5 |  5.5
Stealth        | 6 7 |  7.2
Fighting       | |  2.0
Throwing       | |  2.0
Dodging        | |  1.0

Action                   |  1- 3 |  4- 6 || total
-------------------------+-------+-------++-------
Melee: Dagger            |    68 |    44 ||   112
       Constrict         |    15 |    17 ||    32
       Tentacles         |    12 |    13 ||    25
       Rapier            |       |    36 ||    36
Throw: Dart              |       |     2 ||     2
  Use: Potion            |       |     2 ||     2
 Stab: Sleeping          |     8 |    13 ||    21
  Eat: Chunk             |     3 |     4 ||     7
Armor: Skin              |     3 |     3 ||     6
Dodge: Dodged            |    32 |    43 ||    75
